 Dungeon Crawl Stone Soup version 0.29-a0-841-g116ddc6ace (webtiles) character file.

Game seed: 12590817532524316485

660 jimonade the Trooper (level 7, -2/44 HPs)
             Began as a Gargoyle Fighter on July 14, 2022.
             Killed by divine providence
             ... invoked by an orc priest
              (9 damage)
             ... on level 5 of the Dungeon.
             The game lasted 00:10:03 (5076 turns).

jimonade the Trooper (Gargoyle Fighter)             Turns: 5076, Time: 00:10:03

Health: -2/44      AC: 15    Str: 21    XL:     7   Next: 56%
Magic:  7/7        EV:  7    Int:  9    God:
Gold:   304        SH:  4    Dex:  9    Spells: 6/6 levels left

rFire   . . .      SeeInvis .   a - +0 flail
rCold   . . .      Faith    .   c - +0 buckler
rNeg    + . .      Spirit   .   C - +0 chain mail
rPois   ∞          Reflect  .   (no helmet)
rElec   +          Harm     .   m - +0 cloak
rCorr   +          Rampage  .   (no gloves)
Will    .....                   (no boots)
Stlth   ..........              (no amulet)
HPRegen 0.14/turn               h - ring of resist corrosion
MPRegen 0.10/turn               (no ring)

@: no status effects
A: sickness immunity, AC +4, negative energy resistance 1, electricity
resistance, torment resistance 1, petrification resistance
a: no special abilities


You were on level 5 of the Dungeon.
You visited 1 branch of the dungeon, and saw 5 of its levels.

You collected 304 gold pieces.

Inventory:

Hand Weapons
 a - a +0 flail (weapon)
 b - a +0 sling
 j - a +0 whip
 l - a +0 short sword
 n - a +0 short sword of freezing
 o - a +2 dagger of speed
 t - a +0 hand axe
 G - a +0 spear
Missiles
 q - 33 stones
Armour
 c - a +0 buckler (worn)
 f - a scarf of shadows
 k - a +0 scale mail
 m - a +0 cloak (worn)
 C - a +0 chain mail (worn)
 K - a +0 leather armour
Magical Staves
 u - a staff of fire
Jewellery
 h - a ring of resist corrosion (left hand)
 D - a ring of willpower
Wands
 y - a wand of quicksilver (19)
 H - a wand of paralysis (10)
Scrolls
 i - 2 scrolls of teleportation {unknown}
 s - 5 scrolls of identify {unknown}
 w - a scroll of fear {unknown}
 A - a scroll of magic mapping {unknown}
 B - a scroll of enchant weapon {unknown}
 J - a scroll of enchant armour {unknown}
Potions
 d - a potion of might
 e - a potion of attraction {unknown}
 g - 4 potions of curing {unknown}
 p - a potion of brilliance {unknown}
 r - 3 potions of heal wounds {unknown}
 v - 2 potions of resistance {unknown}
 x - a potion of berserk rage {unknown}
 z - 2 potions of cancellation {unknown}
 E - a potion of ambrosia {unknown}
 F - a potion of magic {unknown}
 I - a potion of lignification {unknown}


   Skills:
 * Level 5.3 Fighting
 + Level 5.3 Maces & Flails
 + Level 1.3 Ranged Weapons
 + Level 5.2 Armour
 + Level 4.2 Shields


You had 6 spell levels left.
You didn't know any spells.
Your spell library contained the following spells:

 Spells                   Type           Power      Damage    Failure   Level
 Shock                    Conj/Air       0%         1d3       99%         1
 Blink                    Tloc           0%         N/A       100%        2
 Ensorcelled Hibernation  Hex/Ice        0%         N/A       100%        2
 Passwall                 Tmut/Erth      0%         N/A       100%        2
 Static Discharge         Conj/Air       0%         3-3/arc   100%        2
 Lesser Beckoning         Tloc           0%         N/A       100%        3
 Swiftness                Air            0%         N/A       100%        3
 Airstrike                Air            0%         0-1+      100%        4
 Alistair's Intoxication  Tmut/Pois      0%         N/A       100%        5
 Freezing Cloud           Conj/Ice/Air   0%         6-21      100%        5
 Manifold Assault         Tloc           0%         N/A       100%        5
 Storm Form               Tmut/Air       0%         N/A       100%        7


Dungeon Overview and Level Annotations

Branches:
Dungeon (5/15)
 Temple: D:4-7

Altars:
Trog

Shops:
D:1 ?


Innate Abilities, Weirdness & Mutations

You are immune to sickness and miasma.
Your stone body is resilient. (AC +4)
You are immune to poison.
You resist negative energy. (rN+)
You are resistant to electric shocks. (rElec)
You are resistant to unholy torment.
You are immune to petrification.


Message History

The orc shouts! x2; The orc priest shouts!
You hear a shout! x2
An orc priest comes into view.
It is wielding a +0 flail and carrying a wand of digging (3).
The orc throws a boomerang.
The boomerang barely misses you.
Items here: )))) [[ †.
The orc barely misses you.
You sock the orc!
You kill the orc!
You hit the orc priest but do no damage.
The orc priest looks encouraged for a moment.
You barely miss the orc priest.
The orc priest mumbles some strange prayers to Beogh against you.
Beogh smites you!
The orc priest looks satisfied for a moment.
You hit the orc priest but do no damage.
The orc priest hits you but does no damage.
You hit the orc priest.
The orc priest is heavily wounded.
The orc priest barely misses you.
You hit the orc priest but do no damage.
The orc priest is heavily wounded.
You completely miss the orc priest.
The orc priest is heavily wounded.
The orc priest calls down the wrath of Beogh upon you.
Beogh smites you! The orc hits you with a +0 short sword.
You closely miss the orc priest.
The orc priest is heavily wounded.
The orc priest hits you but does no damage.
The orc hits you but does no damage.
You hit the orc priest but do no damage.
The orc priest is heavily wounded.
The orc priest barely misses you. The orc hits you with a +0 short sword.
The orc priest hits you with a +0 long sword!
* * * LOW HITPOINT WARNING * * *
The orc hits you with a +0 short sword.
* * * LOW HITPOINT WARNING * * *
You hit the orc priest but do no damage.
The orc priest is heavily wounded.
The orc priest mumbles some strange prayers to Beogh against you.
Beogh smites you!
You die...

...o..#.# #.#
....[.#.# #.#
......#.# #.#
#...#)##### #.#
#.....o...####.#
##..........##.#
#......###.##.#
#.......##..#.#
###.###.###.#@#
#.......#.oo#
######..##..#
##.###.#
####..#####
#........<#
#.........#
#.........#
#.........#


You could see an orc priest and an orc.

Vanquished Creatures
  Sigmund (D:3)
  Pargi (D:2)
  A scorpion (D:5)
  A hound (D:5)
  2 orc priests
  Jessica (D:3)
  Ijyb (D:5)
  5 adders
  4 gnolls (D:4)
  2 shadow imps (D:5)
  A white imp (D:5)
  3 ufetubi
  A worm (D:4)
  4 dart slugs
  12 orcs
  5 bats
  4 endoplasms
  3 giant cockroaches
  4 goblins
  4 hobgoblins
  6 quokkas
  6 ball pythons
  2 frilled lizards
  4 kobolds
  5 rats
83 creatures vanquished.

Notes
Turn   | Place    | Note
-------+----------+-------------------------------------------
     0 | D:1      | jimonade the Gargoyle Fighter began the quest for the Orb.
     0 | D:1      | Reached XP level 1. HP: 14/14 MP: 1/1
    41 | D:1      | Found Kafeuhu's Magic Scroll Emporium.
   172 | D:1      | Found a faded altar of an unknown god.
   192 | D:1      | Reached XP level 2. HP: 13/19 MP: 2/2
   933 | D:2      | Reached XP level 3. HP: 23/24 MP: 3/3
  1516 | D:3      | You fall into a shaft and drop 1 floor!
  1540 | D:4      | Reached XP level 4. HP: 15/29 MP: 4/4
  1957 | D:4      | Reached XP level 5. HP: 10/33 MP: 5/5
  2675 | D:3      | Noticed Sigmund
  2693 | D:3      | Killed Sigmund
  2694 | D:3      | Reached skill level 1 in Ranged Weapons
  2694 | D:3      | Reached XP level 6. HP: 32/39 MP: 6/6
  2785 | D:3      | Noticed Jessica
  2791 | D:3      | Killed Jessica
  2962 | D:3      | Noticed Pargi
  2996 | D:2      | Killed Pargi
  2997 | D:2      | Reached skill level 5 in Fighting
  2997 | D:2      | Reached XP level 7. HP: 17/44 MP: 7/7
  3559 | D:3      | Found a bloodstained altar of Trog.
  3862 | D:4      | Got Teosu's Writings on Pestilent Fog
  4207 | D:5      | Entered Level 5 of the Dungeon
  4622 | D:5      | Reached skill level 5 in Maces & Flails
  4622 | D:5      | Reached skill level 5 in Armour
  4738 | D:5      | Noticed Ijyb
  4752 | D:5      | Killed Ijyb
  5076 | D:5      | Killed from afar by an orc priest

Illustrated notes

Levels and vault maps discovered:
D:1:      nicolae_arrival_washed_ashore, layout_basic,
          chequers_ecumenical_altar_simple, serial_shops, nicolae_diamond_shop,
          chequers_serial_rivers_micro_c
D:2:      layout_basic
D:3:      layout_loops_ring, lemuel_coloured_pillars_altar,
          minmay_misc_feat_enclosed, minmay_splitting_lines, uniq_pargi,
          uniq_sigmund, uniq_jessica
D:4:      layout_loops_ring
D:5:      layout_rooms, kennysheep_little_box, uniq_ijyb, uniq_duvessa

Skill      XL: |  1  2  3  4  5  6  7 |
---------------+----------------------+-----
Fighting       | 4 5 |  5.3
Maces & Flails | 3 4 5 |  5.3
Armour         | 4 5 |  5.2
Ranged Weapons | 1 |  1.3
Shields        | 4 |  4.2

Action                   |  1- 3 |  4- 6 |  7- 9 || total
-------------------------+-------+-------+-------++-------
Melee: Flail             |    74 |   113 |   161 ||   348
 Fire: Sling             |    17 |     6 |     1 ||    24
Armor: Scale mail        |    35 |    13 |       ||    48
       Chain mail        |       |    84 |   105 ||   189
Dodge: Dodged            |    35 |    51 |    73 ||   159
Block: Buckler           |    17 |    33 |    43 ||    93

Table legend: (Time is in decaauts)
 A = Elapsed time spent in this place.
 B = Non-inter-level travel time spent in this place.
 C = Inter-level travel time spent in this place.
 D = Time resting spent in this place.
 E = Time spent auto-exploring this place.
 F = Levels seen in this place.
 G = Mean time per level.
                   A        B        C        D        E       F      G
               +--------+--------+--------+--------+--------+-----+--------+
         Total |   5164 |   4891 |    273 |    873 |   3054 |   5 | 1032.8 |
       Dungeon |   5164 |   4891 |    273 |    873 |   3054 |   5 | 1032.8 |
               +--------+--------+--------+--------+--------+-----+--------+

Top non-repeatable levels by time:
     D:4: 1607 daAuts
     D:3: 1176 daAuts
     D:2: 967 daAuts
     D:1: 836 daAuts
     D:5: 576 daAuts
